 Dungeon Crawl Stone Soup version 0.28.0-45-g0d030f2227 (webtiles) character file.

Game seed: 8586671408987273169

53 Ablot the Cutter (level 3, -3/35 HPs)
             Began as a Gnoll Chaos Knight on Apr 20, 2022.
             Was a Plaything of Xom.
             Slain by a hobgoblin (5 damage)
             ... led by Robin
             ... on level 2 of the Dungeon.
             The game lasted 00:01:26 (1144 turns).

Ablot the Cutter (Gnoll Chaos Knight)               Turns: 1144, Time: 00:01:27

Health: -3/35      AC:  5    Str:  9    XL:     3   Next: 89%
Magic:  4/4        EV: 11    Int:  9    God:    Xom [.*....]
Gold:   65         SH:  0    Dex:  9    Spells: 4/4 levels left

rFire   + . .      SeeInvis .   a - +0 short sword (chaos)
rCold   . . .      Faith    .   (no shield)
rNeg    . . .      Spirit   .   b - +2 leather armour
rPois   .          Reflect  .   (no helmet)
rElec   .          Harm     .   (no cloak)
rCorr   .          Rampage  .   f - +0 pair of gloves
Will    .....                   (no boots)
Stlth   +.........              (no amulet)
HPRegen 0.91/turn               (no ring)
MPRegen 0.09/turn               (no ring)

@: unable to read
A: fangs 1, strong nose, distributed training, clumsy 1, deformed body, dopey 1,
fire resistance 1, regeneration 1, weak 2, inability to read while threatened
a: Renounce Religion


You were on level 2 of the Dungeon.
You worshipped Xom.
You were a plaything of Xom.
You visited 1 branch of the dungeon, and saw 2 of its levels.

You collected 65 gold pieces.

Inventory:

Hand Weapons
 a - a +0 short sword of chaos (weapon)
Missiles
 c - 36 stones (quivered)
 d - 27 sling bullets
 g - 24 arrows
Armour
 b - a +2 leather armour (worn)
 f - a +0 pair of gloves (worn)
Scrolls
 e - a scroll of teleportation {unknown}
 h - a scroll of identify {unknown}
 i - a scroll of amnesia {unknown}


   Skills:
 + Level 6.5 Fighting
 + Level 6.5 Short Blades
 + Level 1.0 Long Blades
 + Level 1.0 Axes
 + Level 1.0 Maces & Flails
 + Level 1.0 Polearms
 + Level 1.0 Staves
 + Level 1.0 Slings
 + Level 1.0 Bows
 + Level 1.0 Crossbows
 + Level 1.0 Throwing
 + Level 4.6 Armour
 + Level 2.6 Dodging
 + Level 1.0 Stealth
 + Level 1.0 Shields
 + Level 1.0 Unarmed Combat
 + Level 1.0 Spellcasting
 + Level 0.7 Conjurations
 + Level 0.7 Hexes
 + Level 0.7 Summonings
 + Level 0.7 Necromancy
 + Level 0.7 Translocations
 + Level 0.7 Transmutations
 + Level 0.7 Fire Magic
 + Level 0.7 Ice Magic
 + Level 0.7 Air Magic
 + Level 0.7 Earth Magic
 + Level 0.7 Poison Magic
 + Level 1.0 Invocations
 + Level 1.0 Evocations


You had 4 spell levels left.
You didn't know any spells.
Your spell library was empty.

Dungeon Overview and Level Annotations

Branches:
Dungeon (2/15)

Altars:

Annotations:
D:2 Robin


Innate Abilities, Weirdness & Mutations

You have very sharp teeth.
Your uncanny sense of smell can sniff out nearby items.
Your experience applies equally to all skills.
You are clumsy. (Dex -2)
Armour fits poorly on your strangely shaped body.
You are dopey. (Int -2)
Your flesh is heat resistant. (rF+)
Your natural rate of healing is unusually fast.
You are very weak. (Str -4)
You sometimes lose the ability to read scrolls when taking damage.


Message History

Your Throwing skill increases to level 1!
Your Stealth skill increases to level 1!
Your Shields skill increases to level 1!
Your Unarmed Combat skill increases to level 1!
Your Spellcasting skill increases to level 1!
Your Evocations skill increases to level 1!
Unknown command.
You hit the goblin.
The goblin appears confused.
The goblin is heavily wounded.
The goblin hits you with a +0 club.
A goblin comes into view. It is wielding a +0 dagger.
The goblin hits you with a +0 club. The goblin closely misses you.
Robin zaps a wand.
You hear a grinding noise.
The hobgoblin hits you.
You feel threatened and lose the ability to read scrolls!
You barely miss the goblin. You bite the goblin.
The goblin is severely wounded.
The hobgoblin hits you but does no damage.
The goblin closely misses you. The goblin hits you with a +0 club.
Unknown command.
You barely miss the goblin.
The goblin is severely wounded.
The hobgoblin hits you. The hobgoblin closely misses you.
The goblin hits you but does no damage.
Unknown command.
You hit the goblin.
You kill the goblin!
The goblin hits you with a +0 club. The hobgoblin hits you.
* * * LOW HITPOINT WARNING * * *
Robin zaps a wand.
You hear a grinding noise.
The goblin hits you with a +0 club.
* * * LOW HITPOINT WARNING * * *
You hit the hobgoblin.
The hobgoblin resists with significant effort.
Your punch misses the hobgoblin.
The hobgoblin is moderately wounded.
The hobgoblin hits you.
You die...

### . ##.. g.
..# ... #.#
g... #g###.....
#@gg.g..<.
#######gg....#
#......g.......
##.###...#....#
.... #.# #...#
...# ###... #.#
...... ...
......
#.#.##........
.....
#.#.##........
#...
#.#..#.......
#...


You could see 4 hobgoblins and 3 goblins.

Vanquished Creatures
  An adder (D:2)
  A worm (D:2)
  A dart slug (D:1)
  3 endoplasms (D:1)
  2 giant cockroaches (D:1)
  6 goblins
  4 hobgoblins
  4 jackals (D:1)
  4 kobolds (D:1)
  4 ball pythons (D:1)
  2 bats (D:1)
  A frilled lizard (D:1)
  3 rats
36 creatures vanquished.

Notes
Turn   | Place    | Note
-------+----------+-------------------------------------------
     0 | D:1      | Ablot the Gnoll Chaos Knight began the quest for the Orb.
     0 | D:1      | Reached XP level 1. HP: 23/23 MP: 1/1
    51 | D:1      | Reached XP level 2. HP: 25/29 MP: 2/2
   116 | D:1      | XOM: 2-stop teleportation journey
   208 | D:1      | XOM: give mutations
   208 | D:1      | Gained mutation: You are weak. (Str -2) [Xom's mischief]
   208 | D:1      | Gained mutation: You are clumsy. (Dex -2) [Xom's mischief]
   208 | D:1      | Gained mutation: You are dopey. (Int -2) [Xom's mischief]
   416 | D:1      | XOM: give mutations
   416 | D:1      | Gained mutation: Armour fits poorly on your strangely
                  | shaped body. [Xom's mischief]
   416 | D:1      | Gained mutation: You sometimes lose the ability to read
                  | scrolls when taking damage. [Xom's mischief]
   416 | D:1      | Gained mutation: Your natural rate of healing is unusually
                  | fast. [Xom's mischief]
   465 | D:1      | Reached XP level 3. HP: 35/35 MP: 3/3
   622 | D:1      | XOM: give mutations
   622 | D:1      | Gained mutation: Your flesh is heat resistant. (rF+) [Xom's
                  | mischief]
   622 | D:1      | Gained mutation: You are very weak. (Str -4) [Xom's
                  | mischief]
   862 | D:1      | Reached skill level 1 in Invocations
  1134 | D:2      | Noticed Robin
  1139 | D:2      | Reached skill level 1 in Long Blades
  1139 | D:2      | Reached skill level 1 in Axes
  1139 | D:2      | Reached skill level 1 in Maces & Flails
  1139 | D:2      | Reached skill level 1 in Polearms
  1139 | D:2      | Reached skill level 1 in Staves
  1139 | D:2      | Reached skill level 1 in Slings
  1139 | D:2      | Reached skill level 1 in Bows
  1139 | D:2      | Reached skill level 1 in Crossbows
  1139 | D:2      | Reached skill level 1 in Throwing
  1139 | D:2      | Reached skill level 1 in Stealth
  1139 | D:2      | Reached skill level 1 in Shields
  1139 | D:2      | Reached skill level 1 in Unarmed Combat
  1139 | D:2      | Reached skill level 1 in Spellcasting
  1139 | D:2      | Reached skill level 1 in Evocations
  1142 | D:2      | HP: 1/35 [goblin/+0 club[Robin] (5)]
  1144 | D:2      | Slain by a hobgoblin

Illustrated notes

Levels and vault maps discovered:
D:1:      giann_horns, layout_basic, hangedman_abyss_or_decor_lesser_grid
D:2:      layout_basic, shapermc_ecumenical_altar_starsandcircs, uniq_sigmund,
          uniq_robin, uniq_natasha, uniq_terence

Skill      XL: |  1  2  3 |
---------------+----------+-----
Invocations    | 1 |  1.0
Long Blades    | 1 |  1.0
Axes           | 1 |  1.0
Maces & Flails | 1 |  1.0
Polearms       | 1 |  1.0
Staves         | 1 |  1.0
Slings         | 1 |  1.0
Bows           | 1 |  1.0
Crossbows      | 1 |  1.0
Throwing       | 1 |  1.0
Stealth        | 1 |  1.0
Shields        | 1 |  1.0
Unarmed Combat | 1 |  1.0
Spellcasting   | 1 |  1.0
Evocations     | 1 |  1.0
Fighting       | |  6.5
Short Blades   | |  6.5
Armour         | |  4.6
Dodging        | |  2.6
Conjurations   | |  0.7
Hexes          | |  0.7
Summonings     | |  0.7
Necromancy     | |  0.7
Translocations | |  0.7
Transmutations | |  0.7
Fire Magic     | |  0.7
Ice Magic      | |  0.7
Air Magic      | |  0.7
Earth Magic    | |  0.7
Poison Magic   | |  0.7

Action                   || total
-------------------------++-------
Melee: Short sword       ||   118
       Bite              ||     7
       Punch             ||     1
 Stab: Sleeping          ||     1
Armor: Leather armour    ||    32
Dodge: Dodged            ||    61
